 Dungeon Crawl Stone Soup version 0.21.1-1-g345015fe64 (webtiles) character file.

1384 Loge the Archer (level 8, 0/70 HPs)
             Began as a Centaur Hunter on July 18, 2018.
             Was an Initiate of Okawaru.
             Killed by divine providence
             ... invoked by an orc priest
              (12 damage)
             ... on level 5 of the Dungeon.
             The game lasted 00:24:56 (7025 turns).

Loge the Archer (Centaur Hunter)                    Turns: 7025, Time: 00:24:57

Health: 0/70       AC:  8    Str: 16    XL:     8   Next: 40%
Magic:  8/8        EV:  7    Int: 10    God:    Okawaru [......]
Gold:   194        SH:  0    Dex: 11    Spells: 7/7 levels left

rFire    . . .     SeeInvis .   a - +1 shortbow
rCold    . . .     Gourm    .   (shield currently unavailable)
rNeg     . . .     Faith    .   G - +0 scale mail (curse)
rPois    .         Spirit   .   p - +0 helmet
rElec    .         Reflect  .   (no cloak)
rCorr    +         Harm     .   C - +0 pair of gloves (curse)
MR       .....                  (no barding)
Stlth    ..........             (no amulet)
HPRegen  0.21/turn              r - ring of wizardry
MPRegen  0.11/turn              y - ring of resist corrosion (curse)

@: very quick
A: large, hooves 3, deformed body, speed 2, tough skin 3
a: Renounce Religion


You were on level 5 of the Dungeon.
You worshipped Okawaru.
Okawaru was noncommittal.
You were hungry.

You visited 2 branches of the dungeon, and saw 6 of its levels.
You also visited: Sewer.

You collected 194 gold pieces.

Inventory:

Hand Weapons
 a - a +1 shortbow (weapon)
 b - a +0 short sword
Missiles
 d - 17 arrows (quivered)
Armour
 p - a +0 helmet (worn)
 C - a cursed +0 pair of gloves (worn)
 G - a cursed +0 scale mail (worn)
Jewellery
 r - a ring of wizardry (left hand)
 y - a cursed ring of resist corrosion (right hand)
Wands
 s - a wand of clouds (6)
 t - a wand of flame (37)
 B - a wand of polymorph (11)
Scrolls
 c - 2 scrolls of remove curse {unknown}
 g - 3 scrolls of identify {unknown}
 i - 2 scrolls of enchant weapon {unknown}
 j - 2 scrolls of magic mapping {unknown}
 m - a scroll of fog {unknown}
 n - a scroll of teleportation {unknown}
 o - 2 scrolls of fear {unknown}
 v - a scroll of blinking {unknown}
 w - a scroll of random uselessness {unknown}
Potions
 e - 2 potions of degeneration {unknown}
 h - a potion of mutation {unknown}
 l - a potion of might {unknown}
 u - 2 potions of agility
 x - a potion of resistance {unknown}
 A - a potion of cancellation {unknown}
 D - 2 potions of flight {unknown}
 E - a potion of heal wounds {unknown}
 F - 2 potions of curing {unknown}
Books
 k - a book of Flames

   Spells                             Type                      Level
   a - Flame Tongue                   Conjuration/Fire             1
   b - Throw Flame                    Conjuration/Fire             2
   c - Conjure Flame                  Conjuration/Fire             3
   d - Inner Flame                    Hexes/Fire                   3
   e - Sticky Flame                   Conjuration/Fire             4
   f - Fireball                       Conjuration/Fire             5
Comestibles
 f - 12 rations


   Skills:
 + Level 6.2 Fighting
 * Level 12.0 Bows
 - Level 1.3 Dodging
 - Level 0.4 Stealth


You had 7 spell levels left.
You didn't know any spells.

Dungeon Overview and Level Annotations

Branches:
Dungeon (5/15)             Temple (1/1) D:5

Altars:
Ashenzari
Cheibriados
Dithmenos
Elyvilon
Fedhas
Gozag
Hepliaklqana
Kikubaaqudgha
Makhleb
Nemelex Xobeh
Okawaru
Qazlal
Ru
Sif Muna
Trog
Uskayaw
Vehumet
Wu Jian
Xom
Yredelemnul
The Shining One


Innate Abilities, Weirdness & Mutations

You have hooves in place of feet.
Armour fits poorly on your strangely shaped body.
You cover ground very quickly.
You have extremely tough skin. (AC +3)


Message History

Press: ? - help, Shift-Dir - straight line, f/p - orc priest
Aim: an orc priest, wielding an enchanted flail (heavily wounded)
You shoot an arrow.
The arrow closely misses the orc priest.
The arrow hits the orc priest.
The orc priest is lightly wounded.
Firing (i - inventory):
d - 19 arrows (quivered)
Press: ? - help, Shift-Dir - straight line, f/p - orc priest
Aim: an orc priest, wielding an enchanted flail (heavily wounded)
You shoot an arrow. The arrow hits the orc priest.
The orc priest is severely wounded.
Firing (i - inventory):
d - 18 arrows (quivered)
Press: ? - help, Shift-Dir - straight line, f/p - orc priest
Aim: an orc priest, wielding an enchanted flail (severely wounded)
You shoot an arrow. The arrow hits the orc priest.
The orc priest is severely wounded.
The orc priest calls upon Beogh to heal the orc priest.
The orc priest calls down the wrath of Beogh upon you.
Beogh smites you!
You die...

..# #....###.....................
..###............................
.................................
..####...........................
..####....................##..###
..#......................###..#
....##..........###...........#
................###...........#
................@...#.#>......###
##..#[).....###..####.#.........#
.#......{.#(o(.o..............#.#
.#.#.#.......#(...............#.#
.....#.#.................##.###.#
.......(..####..............#....
.......##.## #.........###.......
.......##..###.........####.#....
...##.####>.............###.#....


You could see an orc priest.

Vanquished Creatures
  The ghost of gasznak the Firebug, an amateur BaFE (D:4)
  A phantom (D:4)
  2 ogres
  A big kobold (Sewer)
  A scorpion (D:4)
  The ghost of osiy the Insei, a weakling DgTm (D:3)
  A crimson imp (D:2)
  A hound (D:5)
  5 orc priests
  A bullfrog skeleton (D:4)
  3 orc wizards
  2 iguanas (D:4)
  Natasha (thrice) (D:2)
  3 worker ants
  A hound skeleton (D:5)
  3 gnolls (D:4)
  8 adders
  A river rat (D:5)
  A shadow imp (D:5)
  An ooze (D:4)
  2 adder skeletons (D:4)
  3 worms
  A dart slug (D:1)
  2 leopard geckos (D:2)
  24 orcs
  7 bats
  6 giant cockroaches
  9 goblins
  6 hobgoblins
  5 jackals
  A ball python (D:1)
  8 frilled lizards
  5 kobolds
  12 rats
132 creatures vanquished.

Notes
Turn   | Place    | Note
-------+----------+-------------------------------------------
     0 | D:1      | Loge the Centaur Hunter began the quest for the Orb.
     0 | D:1      | Reached XP level 1. HP: 17/17 MP: 1/1
   334 | D:1      | Reached XP level 2. HP: 24/24 MP: 2/2
   648 | D:1      | Reached skill level 6 in Bows
  1098 | D:2      | Reached XP level 3. HP: 25/30 MP: 3/3
  1102 | D:2      | Reached skill level 7 in Bows
  1102 | D:2      | Reached XP level 4. HP: 30/38 MP: 4/4
  1589 | D:2      | Noticed Natasha
  1608 | D:2      | Killed Natasha
  1685 | D:2      | Noticed Natasha
  1718 | D:2      | Killed Natasha
  1718 | D:2      | Reached XP level 5. HP: 24/45 MP: 5/5
  1882 | D:2      | Noticed Natasha
  1911 | D:2      | Killed Natasha
  1938 | D:2      | Reached skill level 8 in Bows
  2935 | D:3      | Reached XP level 6. HP: 51/52 MP: 6/6
  3277 | D:3      | Noticed osiy's ghost (weakling DgTm)
  3306 | D:3      | Killed osiy's ghost
  3676 | D:4      | Reached skill level 9 in Bows
  3973 | D:4      | Reached XP level 7. HP: 48/60 MP: 7/7
  4063 | D:4      | Reached skill level 10 in Bows
  4314 | D:4      | HP: 3/60 [something/puff of frost (11)]
  4315 | D:4      | Reached skill level 5 in Fighting
  4712 | D:4      | Noticed gasznak's ghost (amateur BaFE)
  4763 | D:4      | Killed gasznak's ghost
  5042 | D:4      | Reached skill level 11 in Bows
  5387 | D:4      | Reached XP level 8. HP: 70/70 MP: 8/8
  5624 | D:5      | Entered Level 5 of the Dungeon
  5730 | D:5      | Found a shattered altar of Ashenzari.
  6161 | D:5      | Found a staircase to the Ecumenical Temple.
  6170 | Temple   | Entered the Ecumenical Temple
  6296 | Temple   | Became a worshipper of Warmaster Okawaru
  6442 | D:5      | Found a glowing drain.
  6446 | Sewer    | Entered a sewer
  6548 | Sewer    | Found a white marble altar of Elyvilon.
  6776 | D:5      | Reached skill level 12 in Bows
  7025 | D:5      | Killed from afar by an orc priest

Skill      XL: |  1  2  3  4  5  6  7  8 |
---------------+-------------------------+-----
Bows           | 6 7 8 9 11 12 | 12.0
Fighting       | 3 4 5 6 |  6.2
Dodging        | |  1.3
Stealth        | |  0.4

Action                   |  1- 3 |  4- 6 |  7- 9 || total
-------------------------+-------+-------+-------++-------
Melee: Short sword       |    53 |    89 |   120 ||   262
       Kick              |     4 |    19 |    31 ||    54
 Fire: Shortbow          |    20 |   177 |   135 ||   332
  Eat: Chunk             |       |     8 |     7 ||    15
Armor: Leather armour    |    15 |    37 |       ||    52
       Ring mail         |       |     2 |    47 ||    49
       Scale mail        |       |       |     9 ||     9
Dodge: Dodged            |    29 |    67 |    50 ||   146
